[Event "Romanian Open 2021"]
[Site "Alba Iulia"]
[Date "2021.11.25"]
[Round "7.7"]
[White "Antal, Hunor-Zoltan"]
[Black "Negrean, Andrei"]
[Result "1-0"]
[ECO "B48"]
[WhiteElo "2111"]
[BlackElo "1847"]
[Annotator "ChessBase"]
[PlyCount "115"]
[EventDate "2021.11.21"]
[EventType "swiss"]
[EventCountry "ROU"]
[SourceTitle "playchess.com"]
[Source "ChessBase"]
[SourceQuality "1"]
[TimeControl "5400+30"]

1. e4 c5 2. Nf3 Nc6 3. d4 cxd4 4. Nxd4 Qc7 5. Nc3 e6 6. Be3 a6 7. Qf3 Bd6 8. O-O-O Be5 9. Nxc6 bxc6 10. Bd4 Nf6 11. Bxe5 Qxe5 12. Qg3 Qxg3 13. hxg3 d5 14. Bd3 Bb7 15. f3 Nd7 16. g4 Nb6 17. g5 d4 18. Nb1 Kf8 19. Rh4 g6 20. Rdh1 Kg7 21. Nd2 c5 22. b3 e5 23. a4 a5 24. g3 Ba6 25. Bxa6 Rxa6 26. f4 c4 27. f5 c3 28. f6+ Kg8 29. Nf3 Nd7 30. Kd1 Re6 31. Ke2 Nc5 32. Ne1 Rb6 33. Nd3 Nxd3 34. Kxd3 Rc6 35. g4 Rc5 36. Rb1 h6 37. b4 axb4 38. Rxb4 Rc8 39. a5 hxg5 40. Rxh8+ Kxh8 41. Rb5 Re8 42. a6 Ra8 43. Rb6 Kg8 44. Kc4 Rc8+ 45. Kb5 Ra8 46. Rd6 Rb8+ 47. Kc6 Rb2 48. a7 Ra2 49. Rd8+ Kh7 50. a8=Q Rxa8 51. Rxa8 d3 52. cxd3 c2 53. Ra1 Kg8 54. Rh1 c1=Q+ 55. Rxc1 Kf8 56. Rh1 Kg8 57. Kd6 Kf8 58. Rh8# 1-0

[Event "Romanian Open 2021"]
[Site "Alba Iulia"]
[Date "2021.11.25"]
[Round "7.9"]
[White "Arion, Ilie"]
[Black "Maria, Lia-Alexandra"]
[Result "0-1"]
[ECO "A64"]
[WhiteElo "1758"]
[BlackElo "1784"]
[Annotator "NA"]
[PlyCount "98"]
[EventDate "2021.11.21"]
[EventType "swiss"]
[EventCountry "ROU"]
[SourceTitle "playchess.com"]
[Source "ChessBase"]
[SourceQuality "1"]
[TimeControl "5400+30"]

1. d4 Nf6 2. c4 e6 3. g3 c5 4. d5 exd5 5. cxd5 d6 6. Bg2 g6 7. Nf3 Bg7 8. O-O Nbd7 9. Nc3 a6 10. a4 O-O 11. Nd2 Re8 12. h3 Qc7 13. Nc4 Rb8 14. Qb3 b6 15. e4 Ne5 16. Nxe5 dxe5 17. Qc4 Bb7 18. Be3 Nd7 19. f4 Kh8 20. Rad1 Qd6 21. f5 Bc8 22. g4 b5 23. Qd3 b4 24. Ne2 a5 25. Qd2 Ba6 26. Rf2 Nb6 27. Bh6 Nc4 28. Bxg7+ Kxg7 29. f6+ Kh8 30. Qc1 Nb6 31. Ng3 Nxa4 32. Qh6 Qf8 33. Qh4 c4 34. Nf5 gxf5 35. Rxf5 c3 36. Rh5 Qg8 37. Rg5 c2 38. Rxg8+ Rxg8 39. Rc1 b3 40. Qh5 Nxb2 41. Qxf7 Nd3 42. Qe7 b2 43. Rf1 c1=Q 44. f7 Qh6 45. fxg8=Q+ Rxg8 46. d6 Qg5 47. Qxg5 Rxg5 48. Rf8+ Rg8 49. Rf1 Nc1 0-1